 Dungeon Crawl Stone Soup version 0.26.0-18-gc5c842f807 (webtiles) character file.

Game seed: 10830773908868452852

14 kaeus the Firebug (level 2, -1/15 HPs)
             Began as a Gargoyle Fire Elementalist on Jan 23, 2021.
             Killed from afar by Sigmund (12 damage)
             ... with a puff of flame
             ... on level 2 of the Dungeon.
             The game lasted 00:01:21 (1216 turns).

kaeus the Firebug (Gargoyle Fire Elementalist)      Turns: 1216, Time: 00:01:22

Health: -1/15      AC:  4    Str: 11    XL:     2   Next: 41%
Magic:  2/5        EV: 12    Int: 15    God:
Gold:   86         SH:  0    Dex: 10    Spells: 4/5 levels left

rFire    . . .     SeeInvis .   b - +0 whip
rCold    . . .     Faith    .   (no shield)
rNeg     + . .     Spirit   .   a - +0 robe
rPois    ∞         Reflect  .   (no helmet)
rElec    +         Harm     .   (no cloak)
rCorr    .         Rampage  .   (no gloves)
Will     .....                  (no boots)
Stlth    ++........             (no amulet)
HPRegen  0.05/turn              (no ring)
MPRegen  0.09/turn              (no ring)

@: no status effects
A: negative energy resistance 1, electricity resistance, unbreathing,
petrification resistance, miasma immunity, AC +2
a: no special abilities


You were on level 2 of the Dungeon.
You visited 1 branch of the dungeon, and saw 2 of its levels.

You collected 86 gold pieces.

Inventory:

Hand Weapons
 b - a +0 whip (weapon)
Armour
 a - a +0 robe (worn)
Scrolls
 c - a scroll of enchant weapon {unknown}
 f - a scroll of fog {unknown}
 g - a scroll of noise {unknown}
 i - 3 scrolls of identify {unknown}
 j - a scroll of amnesia {unknown}
 k - a scroll of fear {unknown}
Potions
 d - a potion of flight {unknown}
 e - 2 potions of curing {unknown}
 h - a potion of degeneration {unknown}
 l - a potion of might {unknown}


   Skills:
 - Level 1.5 Dodging
 - Level 2.1 Stealth
 + Level 2.2 Spellcasting
 + Level 1.5 Conjurations
 * Level 3.4 Fire Magic


You had 4 spell levels left.
You knew the following spells:

 Your Spells              Type           Power        Failure   Level
a - Foxfire               Conj/Fire      36%          8%          1

Your spell library contained the following spells:

 Spells                   Type           Power        Failure   Level
 Conjure Flame            Conj/Fire      9%           24%         3
 Inner Flame              Hex/Fire       6%           32%         3
 Sticky Flame             Conj/Fire      9%           61%         4
 Fireball                 Conj/Fire      4%           91%         5


Dungeon Overview and Level Annotations

Branches:
Dungeon (2/15)

Altars:

Annotations:
D:2 Sigmund


Innate Abilities, Weirdness & Mutations

You are resistant to torment.
Your stone body is resilient. (AC +2)
You are immune to poison.
You resist negative energy. (rN+)
You are resistant to electric shocks. (rElec)
You can survive without breathing.
You are immune to petrification.
You are immune to miasma.


Message History

There is a strange disturbance nearby!
No target in view!
Your foxfire dissipates!
Casting: Foxfire (safe; 8% risk of failure)
Confirm with . or Enter, or press ? or * to list all spells.
You conjure some foxfire!
You now have 3/5 mp.
Casting: Foxfire (safe; 8% risk of failure)
Confirm with . or Enter, or press ? or * to list all spells.
You conjure some foxfire!
The foxfire hits something. x2; Something hits you.
You take 5 damage, and have 10/15 hp.
MASSIVE DAMAGE!!
You now have 2/5 mp.
The foxfire hits something.
Casting: Foxfire (safe; 8% risk of failure)
Confirm with . or Enter, or press ? or * to list all spells.
You conjure some foxfire!
You hear some strange, mumbled words.
A puff of flame appears from out of thin air!
The puff of flame hits you!
Ouch! That really hurt!
You die...

#.###########
#......<....#
###########.#
#.#####..##
###.v§§......
#.#{@####..##
#v#..v#
#.###..# ..#
##.... {##
..#### .. #.#
< #.# #.# ..


There were no monsters in sight!

Vanquished Creatures
  A leopard gecko (D:1)
  A ball python (D:1)
  A giant cockroach (D:1)
  2 kobolds (D:1)
  4 bats (D:1)
  A frilled lizard (D:1)
  2 rats (D:1)
12 creatures vanquished.

Vanquished Creatures (collateral kills)
  A foxfire (D:1)
1 creature vanquished.

Vanquished Creatures (others)
  50 foxfires
50 creatures vanquished.

Grand Total: 63 creatures vanquished

Notes
Turn   | Place    | Note
-------+----------+-------------------------------------------
     0 | D:1      | kaeus the Gargoyle Fire Elementalist began the quest for
                  | the Orb.
     0 | D:1      | Reached XP level 1. HP: 10/10 MP: 3/3
   363 | D:1      | Reached XP level 2. HP: 15/15 MP: 1/5
  1205 | D:2      | Noticed Sigmund
  1216 | D:2      | Killed from afar by Sigmund

Illustrated notes

Levels and vault maps discovered:
D:1:      dpeg_arrival_connections, layout_basic, serial_forest,
          infiniplex_forest_clump_curved, infiniplex_forest_clump_C,
          infiniplex_forest_clump_cross, infiniplex_forest_corner_1,
          infiniplex_forest_lined_4_way, infiniplex_forest_clump_diagonal
D:2:      minmay_door_path, layout_loops_ring, lemuel_crystal_altar,
          nemelex_xobeh_ov_fountains_minmay, old_standard_altar, uniq_sigmund

Action                   || total
-------------------------++-------
 Cast: Foxfire           ||    37
